 Dungeon Crawl Stone Soup version 0.31-a0-1074-g0b22e4e0f1 (webtiles) character file.

Game seed: 6558756025854974499

18928 freelancePsychic the Carver (level 12, -1/99 HPs)
             Began as a Mummy Fighter on Nov 22, 2023.
             Was a High Priest of Makhleb.
             Slain by a cane toad (10 damage)
             ... on level 2 of the Lair of Beasts on Nov 26, 2023.
             The game lasted 00:30:16 (15476 turns).

freelancePsychic the Carver (Mummy Fighter)        Turns: 15476, Time: 00:30:16

Health: -1/99      AC: 12    Str: 19    XL:     12   Next: 32%
Magic:  19/19      EV: 11    Int:  8    God:    Makhleb [*****.]
Gold:   604        SH: 10    Dex: 16    Spells: 11/11 levels left

rFire   . . .        a - +0 long sword
rCold   + . .        u - +0 buckler of Daopnek {rC+}
rNeg    + + +        p - +0 steam dragon scales
rPois   ∞            (no helmet)
rElec   .            e - +2 cloak
rCorr   .            (no gloves)
SInv    .            (no boots)
Will    +....        j - amulet of reflection
Stlth   +            d - ring of fire
HPRegen 0.36/turn    g - +4 ring of protection
MPRegen 0.16/turn

%: reflection, faith
@: no status effects
A: cold resistance 1, negative energy resistance 3, torment resistance 2, heat
vulnerability 1, in touch with death 1, no potions, faith
a: Renounce Religion, Minor Destruction, Lesser Servant of Makhleb, Major
Destruction, Greater Servant of Makhleb


You were on level 2 of the Lair of Beasts.
You worshipped Makhleb.
Makhleb was extremely pleased with you.
You visited 2 branches of the dungeon, and saw 14 of its levels.
You also visited: Bailey.

You collected 820 gold pieces.
You spent 216 gold pieces at shops.

Inventory:

Hand Weapons
 a - a +0 long sword (weapon)
 b - the +5 hand axe "Keriy" {venom, Int+3}
   (You took it off an orc on level 3 of the Dungeon)

   Int+3:     It affects your intelligence (+3).
Armour
 c - a +0 buckler
 e - a +2 cloak (worn)
 n - a +0 scale mail
 p - +0 steam dragon scales (worn)
 u - the +0 buckler of Daopnek (worn) {rC+}
   (You bought it in a shop on level 6 of the Dungeon)

   rC+:       It protects you from cold.
Jewellery
 d - a ring of fire (left hand)
 g - a +4 ring of protection (right hand)
 j - an amulet of reflection (around neck)
 k - a ring of see invisible
 y - an amulet of guardian spirit
Wands
 f - a wand of roots (8)
 t - a wand of charming (1)
 x - a wand of flame (1)
 z - a wand of digging (5)
 C - a wand of mindburst (6)
Scrolls
 h - 5 scrolls of enchant armour
 l - a scroll of amnesia
 m - 9 scrolls of enchant weapon
 o - 2 scrolls of fog
 q - 4 scrolls of revelation
 s - 12 scrolls of identify {@r1}
 v - 2 scrolls of immolation {unknown}
 w - a scroll of vulnerability
 A - a scroll of brand weapon {unknown}
 B - a scroll of silence {unknown}


   Skills:
 + Level 10.8 Fighting
 * Level 12.4 Long Blades
 - Level 2.4 Armour
 - Level 2.5 Shields
 + Level 9.4 Invocations


You had 11 spell levels left.
You didn't know any spells.
Your spell library contained the following spells:

 Spells                   Type           Power      Damage    Failure   Level
 Apportation              Tloc           0%         N/A       50%         1
 Magic Dart               Conj           0%         1d3       50%         1
 Summon Small Mammal      Summ           0%         N/A       50%         1
 Call Imp                 Summ           0%         N/A       63%         2
 Jinxbite                 Hex            0%         N/A       63%         2
 Call Canine Familiar     Summ           0%         N/A       86%         3
 Dazzling Flash           Conj/Hex       0%         N/A       86%         3
 Mephitic Cloud           Conj/Pois/Air  0%         N/A       86%         3
 Ozocubu's Armour         Ice            0%         N/A       86%         3
 Summon Guardian Golem    Hex/Summ       0%         N/A       86%         3
 Volatile Blastmotes      Fire/Tloc      0%         2d10      86%         3
 Alistair's Intoxication  Tmut/Pois      0%         N/A       100%        5
 Starburst                Conj/Fire      0%         6d3       100%        6
 Ozocubu's Refrigeration  Ice            0%         4d7       100%        7
 Maxwell's Capacitive Co  Air            0%         ∞         100%        8


Dungeon Overview and Level Annotations

Branches:
Dungeon (12/15)            Temple (0/1) D:5            Lair (2/5) D:8
    Orc (0/2) D:9          Bailey (visited)
  Swamp: Lair:2-3    Shoals: Lair:2-3     Snake: Lair:2-3    Spider: Lair:2-3

Altars:
Gozag
Makhleb
Qazlal
Ru
Vehumet
Wu Jian
Xom

Shops:
D:3 ?   D:6 [   D:7 *[   D:8 *

Annotations:
D:3 1 runed translucent door, DoNotCum's ghost, amateur DECj
D:7 2 runed translucent doors, zenocrate's ghost, novice OpIE
D:11 exclusion: 4 doors


Innate Abilities, Weirdness & Mutations

You are immune to poison.
Your flesh is cold resistant. (rC+)
You are immune to negative energy. (rN+++)
You are immune to unholy pain and torment.
You are vulnerable to heat. (rF-)
You are in touch with the powers of death.
You do not drink.
You have a special connection with the divine. (Faith)


Message History

A bullfrog comes into view.
The bullfrog croaks.
A bullfrog is nearby!
The stone arrow hits the bullfrog!!
The bullfrog is almost dead.
The stone arrow hits the bullfrog!
You kill the bullfrog!
Makhleb accepts your kill.
You can't see any hostile targets in range.
Found 4 stones.
A cane toad comes into view.
The cane toad gives a loud, deep croak!
You hear an angry hiss.
A cane toad is nearby!
A cane toad is nearby!
The puff of flame misses the cane toad.
You hear a croak.
A cane toad comes into view.
The cane toad barely resists.
A komodo dragon comes into view.
The stone arrow hits the cane toad!!
The cane toad is heavily wounded.
The stone arrow hits the cane toad!!
The cane toad is almost dead.
The cane toad stings you!!
The cane toad attacks as it pursues you!
The cane toad stings you!
The cane toad attacks as it pursues you!
The cane toad stings you!!
The cane toad attacks as it pursues you!
The cane toad stings you!
* * * LOW HITPOINT WARNING * * *
The cane toad stings you!
* * * LOW HITPOINT WARNING * * *
The cane toad attacks as it pursues you!
You block the cane toad's attack. The cane toad barely misses you.
Okay, then.
Unknown command.
Okay, then.
A demon appears!
The cane toad stings you!
You die...

##.. #..#####....... ...
#....#.#....... ####..
#.............. ##.....
#.............. ...$...##
##....^.........
#....P####....##.#.......
##.............###........
#.......F4.....# ##.......
#..#..l..F@.....####.......
#..##.##......#.........
#.. ######...###........ ##
#....#.........
#...##.#....... #...#
#..>..... #...# #.......
##...## #.....†. #P....#
#.......


You could see a komodo dragon, 2 cane toads and a friendly orange demon
(summoned).

Vanquished Creatures
  Nergalle (Lair:1)
  2 orc knights (Bailey)
  An ugly thing (D:11)
  Joseph (D:7)
  3 black mambas
  4 kobold demonologists
  A cane toad (Lair:1)
  An unseen horror (D:10)
  5 komodo dragons
  A red devil (D:10)
  A hornet (D:9)
  3 trolls
  A troll (shapeshifter) (D:11)
  8 blink frogs
  A shadow (D:11)
  A vampire (D:9)
  A wyvern (Lair:1)
  22 yaks
  3 steam dragons
  2 neqoxecs (D:10)
  2 wargs (D:8)
  2 water moccasins (Lair:1)
  An ice beast (D:6)
  8 orc warriors
  A sky beast (D:5)
  2 black bears
  2 ogres
  2 centaurs
  2 phantoms
  3 kobold brigands
  6 bullfrogs
  2 gnoll sergeants (D:10)
  4 wights (D:8)
  3 killer bees (D:8)
  2 howler monkeys
  An electric eel (D:7)
  4 hounds
  2 jellies (D:5)
  5 orc priests
  An iguana (D:4)
  2 sleepcaps
  10 orc wizards
  8 gnolls (D:10)
  4 adders (D:5)
  2 white imps
  6 dart slugs
  53 orcs
  2 bats
  6 endoplasms
  A giant cockroach (D:4)
  8 goblins
  7 hobgoblins
  16 kobolds
  4 quokkas
  3 ball pythons
  6 rats
256 creatures vanquished.

Vanquished Creatures (collateral kills)
  A two-headed ogre (D:8)
  6 yaks
  A chaos spawn (D:10)
  An acid dragon (D:8)
  2 orc warriors
  A shadow imp (D:10)
  3 orcs (Bailey)
15 creatures vanquished.

Vanquished Creatures (others)
  A wyvern (D:11)
  2 orcs
3 creatures vanquished.

Grand Total: 274 creatures vanquished

Notes
Turn   | Place    | Note
-------+----------+-------------------------------------------
     0 | D:1      | freelancePsychic the Mummy Fighter began the quest for the
                  | Orb.
     0 | D:1      | Reached XP level 1. HP: 18/18 MP: 1/1
   155 | D:1      | Found a faded altar of an unknown god.
   184 | D:1      | Reached skill level 2 in Long Blades
   184 | D:1      | Reached XP level 2. HP: 6/24 MP: 2/2
   192 | D:1      | Prayed at the altar of an unknown god.
   192 | D:1      | Became a worshipper of Makhleb the Destroyer
   192 | D:1      | Reached * piety under Makhleb
  1219 | D:2      | Found a shimmering altar of Xom.
  1808 | D:3      | Reached XP level 3. HP: 23/29 MP: 3/3
  1928 | D:3      | Found Fuhuaq's Magic Scroll Emporium.
  1939 | D:3      | Bought a scroll of teleportation for 36 gold pieces
  1954 | D:3      | Found a runed translucent door.
  2068 | D:3      | Noticed DoNotCum's ghost (amateur DECj)
  2212 | D:3      | Reached ** piety under Makhleb
  2338 | D:3      | Identified the +5 hand axe "Keriy" {venom, Int+3}
  2345 | D:3      | Reached skill level 1 in Invocations
  2798 | D:4      | Reached XP level 4. HP: 36/36 MP: 3/5
  2841 | D:4      | Found an ornate altar of the Wu Jian Council.
  2893 | D:4      | Noticed an ogre
  2900 | D:4      | Killed an ogre
  2901 | D:4      | Reached skill level 3 in Long Blades
  2901 | D:4      | Reached XP level 5. HP: 41/42 MP: 6/6
  3097 | D:4      | Found a shimmering altar of Xom.
  3180 | D:4      | Found a sacrificial altar of Ru.
  3270 | D:4      | Reached XP level 6. HP: 48/48 MP: 7/7
  3428 | D:5      | Entered Level 5 of the Dungeon
  3435 | D:5      | Reached skill level 4 in Long Blades
  3494 | D:5      | Reached *** piety under Makhleb
  3511 | D:5      | Reached XP level 7. HP: 50/55 MP: 9/9
  3570 | D:5      | Found a stormy altar of Qazlal.
  3647 | D:5      | Found a staircase to the Ecumenical Temple.
  3654 | D:5      | Identified the +1 plate armour of Gianosau {Fly Will+ MP-9}
  3771 | D:5      | Reached skill level 5 in Long Blades
  3871 | D:5      | Reached skill level 5 in Fighting
  3926 | D:6      | Found Waifoj's Antique Armour Shop.
  3929 | D:6      | Bought a heavily runed buckler for 180 gold pieces
  3929 | D:6      | Identified the +0 buckler of Daopnek {rC+} (You bought it
                  | in a shop on level 6 of the Dungeon)
  4192 | D:6      | Reached XP level 8. HP: 63/63 MP: 10/10
  4422 | D:6      | Reached skill level 6 in Long Blades
  4584 | D:7      | Found Otria's Antique Armour Emporium.
  4622 | D:7      | Noticed Joseph
  4636 | D:7      | Killed Joseph
  4971 | D:7      | Found a flagged portal.
  4985 | Bailey   | Entered a bailey
  5014 | Bailey   | Reached skill level 7 in Long Blades
  5147 | Bailey   | Reached skill level 5 in Invocations
  5151 | Bailey   | Reached **** piety under Makhleb
  5187 | Bailey   | Reached XP level 9. HP: 33/71 MP: 12/12
  5452 | Bailey   | Noticed an orc knight
  5528 | Bailey   | Killed an orc knight
  5897 | Bailey   | Noticed an orc knight
  5908 | Bailey   | Killed an orc knight
  5909 | Bailey   | Reached skill level 8 in Long Blades
  6058 | D:7      | Found an opulent altar of Gozag.
  6058 | D:7      | Found Gozag's Platinum Reserve.
  6062 | D:7      | Found a large runed translucent door.
  6063 | D:7      | Found a large runed translucent door.
  6080 | D:7      | Noticed zenocrate's ghost (novice OpIE)
  6625 | D:7      | Found a radiant altar of Vehumet.
  6764 | D:8      | Reached XP level 10. HP: 79/80 MP: 14/14
  6813 | D:8      | Noticed a two-headed ogre
  6830 | D:8      | Killed a two-headed ogre
  6831 | D:8      | Reached skill level 9 in Long Blades
  7607 | D:8      | Found a staircase to the Lair.
  7675 | D:8      | Found Wuigheud's CLEARANCE SALE!.
  8061 | D:9      | Upgraded the game from 0.31-a0-986-g5e6e4ef867 to
                  | 0.31-a0-1074-g0b22e4e0f1
  8588 | D:9      | Found a staircase to the Orcish Mines.
  8929 | D:9      | Reached skill level 10 in Long Blades
  9117 | D:10     | Entered Level 10 of the Dungeon
  9854 | D:10     | Reached XP level 11. HP: 70/89 MP: 16/16
 10942 | D:11     | Noticed a purple ugly thing
 10955 | D:11     | Killed a purple ugly thing
 10985 | D:11     | Noticed a soul eater
 11579 | D:11     | Noticed a boulder beetle
 11608 | D:11     | Reached skill level 11 in Long Blades
 13137 | D:12     | Reached skill level 10 in Fighting
 13325 | Lair:1   | Entered Level 1 of the Lair of Beasts
 13985 | D:9      | Reached ***** piety under Makhleb
 14154 | Lair:1   | Reached XP level 12. HP: 92/98 MP: 18/18
 14374 | Lair:1   | Reached skill level 12 in Long Blades
 14565 | Lair:1   | Noticed Nergalle
 14609 | Lair:1   | Killed Nergalle
 15476 | Lair:2   | Slain by a cane toad

Illustrated notes

Levels and vault maps discovered:
D:1:      eino_arrival_water_cross, layout_basic, shapermc_ecumenical_altar_venn
D:2:      layout_loops_corners, basic_altar, serial_glass, glass_columns_a,
          glass_columns_b, glass_columns_b, glass_columns_a, glass_columns_b,
          glass_columns_a, minmay_misc_feat_diagonals
D:3:      layout_basic, mainiacjoe_overflow_alcove_4, ebering_ghost_sewer_d,
          serial_shops, shop
D:4:      layout_cave_pods, mainiacjoe_overflow_catwalk,
          nicolae_ru_great_annihilating_truth, kennysheep_little_box
D:5:      layout_rooms, nicolae_qazlal_beasts_of_the_sky,
          minmay_temple_entry_sparse_star, minmay_puff
D:6:      layout_basic, mainiacjoe_overflow_paths, serial_shops, shop,
          kennysheep_opposing_triangles
D:7:      layout_cave_pools, nicolae_tso_swordbearing_angel,
          nicolae_gozag_zags_fifth_avenue, fiery_altar_vehumet, serial_shops,
          shop, ebering_ghost_disaster_area, enter_bailey_4, lightli_minifort,
          uniq_joseph
D:8:      layout_cave_pods, erik_lair_orcish_takeover, nicolae_shop_clearance
D:9:      layout_loops_corners, orc_0_dummy
D:10:     layout_grid_maze, nicolae_demonic_statue_gallery
D:11:     layout_loops_corners
D:12:     layout_basic, minivault_25
Lair:1:   hellmonk_ruined_rings, layout_hall_layers, infiniplex_staircase_pool,
          lemuel_fruit_fields, serial_bayou_shore_b, uniq_nergalle
Lair:2:   layout_long_grid, beast_lair_carwin_11, infiniplex_staircase_pool_2

Skill      XL: |  1  2  3  4  5  6  7  8  9 10 11 12 |
---------------+-------------------------------------+-----
Long Blades    | 2 3 4 5 7 8 10 11 12 | 12.4
Invocations    | 1 2 3 5 6 7 9 |  9.4
Fighting       | 4 5 6 7 9 10 | 10.8
Armour         | |  2.4
Shields        | |  2.5

Action                     |  1- 3 |  4- 6 |  7- 9 | 10-12 || total
---------------------------+-------+-------+-------+-------++-------
  Melee: Long sword        |   144 |       |    71 |   566 ||   781
         Hand axe          |    23 |    16 |   124 |       ||   163
 Invoke: Minor Destruction |       |    42 |    68 |   251 ||   361
         Lesser Servant of |       |       |     3 |     8 ||    11
         Major Destruction |       |       |       |     5 ||     5
  Evoke: Wand              |       |       |     9 |    21 ||    30
    Use: Scroll            |     5 |       |    13 |     5 ||    23
   Stab: Distracted        |       |       |       |     1 ||     1
         Invisible         |       |       |       |     1 ||     1
 Armour: Scale mail        |   127 |     7 |   154 |       ||   288
         Steam dragon scal |       |       |    49 |   469 ||   518
  Dodge: Dodged            |    85 |     5 |    96 |   210 ||   396
  Block: Buckler           |    47 |     7 |   128 |   302 ||   484
         Reflection        |     1 |       |     8 |     4 ||    13

Table legend: (Time is in decaauts)
 A = Elapsed time spent in this place.
 B = Non-inter-level travel time spent in this place.
 C = Inter-level travel time spent in this place.
 D = Time resting spent in this place.
 E = Time spent auto-exploring this place.
 F = Levels seen in this place.
 G = Mean time per level.
                   A        B        C        D        E       F      G
               +--------+--------+--------+--------+--------+-----+--------+
         Total |  15540 |  15062 |    478 |    577 |  11488 |  15 | 1036.0 |
       Dungeon |  12946 |  12482 |    464 |    494 |   9705 |  12 | 1078.8 |
          Lair |   1604 |   1591 |     13 |      7 |   1148 |   2 |  802.0 |
        Bailey |    988 |    988 |      0 |     76 |    634 |   1 |  988.0 |
               +--------+--------+--------+--------+--------+-----+--------+

Top non-repeatable levels by time:
    D:10: 2305 daAuts
    D:11: 1724 daAuts
     D:8: 1710 daAuts
  Lair:1: 1356 daAuts
     D:9: 1327 daAuts
     D:7: 1099 daAuts
     D:1: 1035 daAuts
  Bailey: 988 daAuts
     D:3: 825 daAuts
     D:4: 817 daAuts
     D:2: 808 daAuts
     D:6: 664 daAuts
     D:5: 509 daAuts
  Lair:2: 248 daAuts
    D:12: 118 daAuts
